cohdb
Replays
Latest Replays
All Replays
Popular Replays
Top Player Replays
Match Explorer
How It Works
Community
CoH3 Stats
Reddit
Sign in to upload your games and track your stats! →
Sign in with Steam
Match 45441564
Unlisted
Match 45441564
Overview
Messages
Build Orders
End
Kradschützen Motorcycle Team
250 Light Carrier
Panzerpioneer Squad
Construct Light Support Kompanie
Assault Grenadier Squad
Combat Half-tracks
Assault Grenadier Squad
Construct Mechanized Kompanie
Selects Panzerjäger Kommand Battlegroup
Selects Mine Fields
Panzerjäger Mechanized Group
Selects Defensive Positions
Selects Tank Busters
Support Armor Elements
T.R. Olvadi
Nico-Nico-Nii~~
fox
Materialjerry
0
0
Comments
sign in to comment!
No comments posted yet!